 Dungeon Crawl Stone Soup version 0.29.1-2-gbd0b4ee654 (webtiles) character file.

Game seed: 14482593552867446261

115 styxcanada the Sneak (level 4, 0/23 HPs)
             Began as a Spriggan Brigand on Nov 8, 2022.
             Slain by an orc
             ... wielding a +0 flail
              (4 damage)
             ... on level 3 of the Dungeon on Nov 9, 2022.
             The game lasted 00:09:41 (3045 turns).

styxcanada the Sneak (Spriggan Brigand)             Turns: 3045, Time: 00:09:41

Health: 0/23       AC:  3    Str:  7    XL:     4   Next: 68%
Magic:  6/6        EV: 17    Int: 12    God:
Gold:   173        SH:  0    Dex: 18    Spells: 3/5 levels left

rFire   . . .      SeeInvis +   a - +2 dagger
rCold   . . .      Faith    .   (no shield)
rNeg    . . .      Spirit   .   b - +0 robe
rPois   .          Reflect  .   (helmet restricted)
rElec   .          Harm     .   c - +0 cloak
rCorr   .          Rampage  .   (gloves unavailable)
Will    .....                   (boots unavailable)
Stlth   ++........              (no amulet)
HPRegen 0.07/turn               (no ring)
MPRegen 0.10/turn               (no ring)

@: confused, very quick
A: very small, no large weapons, unfitting armour, see invisible, speed 3
a: no special abilities


You were on level 3 of the Dungeon.
You visited 1 branch of the dungeon, and saw 3 of its levels.

You collected 173 gold pieces.

Inventory:

Hand Weapons
 a - a +2 dagger (weapon)
Missiles
 d - 14 poisoned darts (quivered)
 e - 6 curare-tipped darts
 f - 35 stones
Armour
 b - a +0 robe (worn)
 c - a +0 cloak (worn)
Scrolls
 g - a scroll of poison {unknown}
 i - a scroll of vulnerability {unknown}
 j - a scroll of teleportation {unknown}
 k - 4 scrolls of identify {unknown}
 n - a scroll of blinking {unknown}
 p - a scroll of summoning {unknown}
 r - a scroll of magic mapping {unknown}
 s - 2 scrolls of immolation {unknown}
Potions
 h - 2 potions of curing {unknown}
 l - a potion of mutation {unknown}
 m - a potion of heal wounds {unknown}
 o - a potion of degeneration {unknown}
 q - a potion of might {unknown}
 t - 2 potions of berserk rage {unknown}


   Skills:
 * Level 2.0 Fighting
 + Level 2.5 Short Blades
 + Level 2.1 Throwing
 * Level 2.1 Dodging
 * Level 7.8 Stealth
 * Level 1.3 Spellcasting
 * Level 0.8 Hexes
 * Level 0.3 Ice Magic


You had 3 spell levels left.
You knew the following spells:

 Your Spells              Type           Power      Damage    Failure   Level
a - Ensorcelled Hibernat  Hex/Ice        4%         N/A       34%         2

Your spell library contained the following spells:

 Spells                   Type           Power      Damage    Failure   Level
 Passwall                 Tmut/Erth      0%         N/A       41%         2
 Tukima's Dance           Hex            2%         N/A       54%         3
 Swiftness                Air            0%         N/A       65%         3
 Passage of Golubria      Tloc           0%         N/A       96%         4
 Yara's Violent Unravell  Hex/Tmut       0%         3d3       100%        5


Dungeon Overview and Level Annotations

Branches:
Dungeon (3/15)

Altars:
Fedhas


Innate Abilities, Weirdness & Mutations

You are very small and have problems with some larger weapons.
You are too small for most types of armour.
You have supernaturally acute eyesight. (SInv)
You cover ground extremely quickly. (Speed+++)


Message History

Unknown command.
Throw: 15 darts (poison)
Press: ? - help, Q - select action, (/) - cycle Shift-Dir - straight line, f - orc wizard
Aim: an orc wizard, wielding a +0 dagger of venom and wearing a +0 robe (slightly transparent, 55% to hit)
You throw a poisoned dart. The poisoned dart hits the orc wizard.
The orc wizard is poisoned.
You closely miss the orc wizard.
The orc wizard is lightly wounded.
You hit the orc wizard but do no damage.
The orc wizard is lightly wounded.
The orc wizard barely misses you.
You hit the orc wizard.
You punch the orc wizard, but do no damage.
The orc wizard is moderately wounded.
The orc wizard hits you with a +0 dagger of venom.
You are poisoned.
You feel sick.
You feel sick.
You feel sick. The orc wizard casts a spell at you.
You are confused.
You feel sick.
You feel sick.
You feel sick.
You bump into the rock wall.
You feel sick.
You're too confused to move!
You feel sick.
The orc wizard gestures at you while chanting.
You are more confused.
You feel sick.
You kill the orc wizard!
Your Fighting skill increases to level 2!
You see here a +0 dagger.
You feel sick.
You are no longer poisoned.
The orc hits you but does no damage. The orc misses you.
You hit the orc.
The orc is heavily wounded.
The orc completely misses you. The orc hits you with a +0 flail.
You die...

#######...........#.#...#
#.....#...........#?#.###
#.....#...............#
#.....#............)###
....................#
######..............# #
#..........o.###
######.........oo.#
8#..............@.#
.+.####...........# 8#
#...........# ##
#.....<....## # #..........#
#..........########
#.................#
###########....###..###.####
..........#..#####'####....#


You could see 3 orcs.

Vanquished Creatures
  2 orc wizards (D:3)
  An adder (D:2)
  An orc (D:3)
  4 ball pythons
  4 bats
  6 endoplasms
  3 giant cockroaches
  8 hobgoblins
  7 kobolds
  3 frilled lizards
  7 goblins
  4 rats
50 creatures vanquished.

Vanquished Creatures (others)
  5 plants (D:2)
  5 toadstools (D:1)
10 creatures vanquished.

Grand Total: 60 creatures vanquished

Notes
Turn   | Place    | Note
-------+----------+-------------------------------------------
     0 | D:1      | styxcanada the Spriggan Brigand began the quest for the
                  | Orb.
     0 | D:1      | Reached XP level 1. HP: 10/10 MP: 2/2
   293 | D:1      | Reached skill level 6 in Stealth
   442 | D:1      | Reached XP level 2. HP: 5/15 MP: 3/3
  1839 | D:2      | Reached XP level 3. HP: 18/18 MP: 3/5
  2059 | D:2      | Reached skill level 7 in Stealth
  2339 | D:2      | Reached skill level 1 in Spellcasting
  2541 | D:2      | Learned a level 2 spell: Ensorcelled Hibernation
  2681 | D:3      | Found a blossoming altar of Fedhas.
  2737 | D:3      | Found a faded altar of an unknown god.
  2737 | D:3      | Noticed a rust devil
  3022 | D:3      | Reached XP level 4. HP: 16/23 MP: 6/6
  3045 | D:3      | Slain by an orc

Illustrated notes

Levels and vault maps discovered:
D:1:      ldierk_walled_garden, layout_basic
D:2:      layout_loops_ring, serial_bayou_crossing
D:3:      layout_basic, mainiacjoe_overflow_six_doors_small,
          dreamdust_ecumenical_altar_sealed_demon, minmay_statues_item,
          dk_noncrumbling_4, kennysheep_potato, uniq_crazy_yiuf_cottage

Skill      XL: |  1  2  3  4 |
---------------+-------------+-----
Stealth        | 6 7 |  7.8
Spellcasting   | 1 |  1.3
Dodging        | 2 |  2.1
Fighting       | 2 |  2.0
Short Blades   | |  2.5
Throwing       | |  2.1
Hexes          | |  0.8
Ice Magic      | |  0.3

Action                   |  1- 3 |  4- 6 || total
-------------------------+-------+-------++-------
Melee: Dagger            |   109 |     4 ||   113
       Punch             |     1 |     1 ||     2
Throw: Dart              |    11 |     3 ||    14
 Stab: Sleeping          |    23 |       ||    23
Armor: Robe              |     9 |     1 ||    10
Dodge: Dodged            |    50 |     4 ||    54
